 Dungeon Crawl Stone Soup version 0.28-a0-390-gb254ac4902 (webtiles) character file.

Game seed: 11125449474298408956

63033 theanonym the Severer (level 14, 0/136 HPs)
             Began as a Deep Dwarf Gladiator on Sept 2, 2021.
             Was the Champion of Zin.
             Killed from afar by Frances (33 damage)
             ... with an iron shot
             ... on level 13 of the Dungeon on Sept 3, 2021.
             The game lasted 00:36:37 (17157 turns).

theanonym the Severer (Deep Dwarf Gladiator)       Turns: 17157, Time: 00:36:38

Health: 0/136      AC: 29    Str: 26    XL:     14   Next: 66%
Magic:  0/0        EV:  9    Int:  9    God:    Zin [******]
Gold:   794        SH:  5    Dex: 14    Spells: 13/13 levels left

rFire   + . .      SeeInvis .   a - +3 battleaxe (freeze)
rCold   . . .      Faith    .   (shield currently unavailable)
rNeg    + . .      Spirit   .   G - +0 plate armour
rPois   .          Reflect  +   c - +1 helmet
rElec   .          Harm     .   Q - +2 cloak
rCorr   .          Rampage  .   P - +2 pair of gloves {Str+3}
Will    ++...                   (no boots)
Stlth   ..........              s - amulet of reflection
HPRegen 0.00/turn               B - ring of protection from fire
MPRegen 0.07/turn               R - +4 ring of protection

@: studying Armour
A: damage resistance, heal wounds, negative energy resistance 1, sense
surroundings 2, no regeneration
a: Heal Wounds, Renounce Religion, Recite, Vitalisation, Imprison, Sanctuary,
Donate Gold


Innate Abilities, Weirdness & Mutations

You are resistant to damage.
You can heal yourself by infusing magical energy.
You resist negative energy. (rN+)
You passively map the area around you.
You do not regenerate.


   Skills:
 - Level 11.8 Fighting
 - Level 18.5 Axes
 - Level 1.7 Throwing
 - Level 12.7 Armour
 - Level 3.2 Dodging
 + Level 12.3 Invocations


You had 13 spell levels left.
You didn't know any spells.
Your spell library contained the following spells:

 Spells                   Type           Power      Damage    Failure   Level
 Shock                    Conj/Air       0%         1d3       97%         1
 Sublimation of Blood     Necr           0%         N/A       99%         2
 Wereblood                Tmut           0%         N/A       99%         2
 Swiftness                Air            0%         N/A       100%        3
 Airstrike                Air            0%         N/A       100%        4
 Conjure Ball Lightning   Conj/Air       0%         3x3d6     100%        6
 Summon Hydra             Summ           0%         N/A       100%        7
 Discord                  Hex            0%         N/A       100%        8
 Disjunction              Tloc           0%         N/A       100%        8

Skill      XL: |  1  2  3  4  5  6  7  8  9 10 11 12 13 14 |
---------------+-------------------------------------------+-----
Fighting       | 2 3 4 5 6 8 9 10 11 | 11.8
Axes           | 4 5 6 8 9 11 13 14 16 17 18 | 18.5
Armour         | 1 2 4 5 7 9 11 12 | 12.7
Invocations    | 5 8 9 10 12 | 12.3
Throwing       | |  1.7
Dodging        | |  3.2

Action                   |  1- 3 |  4- 6 |  7- 9 | 10-12 | 13-15 || total
-------------------------+-------+-------+-------+-------+-------++-------
Melee: War axe           |   100 |    33 |       |       |       ||   133
       Battleaxe         |       |    83 |   421 |   589 |   544 ||  1637
Throw: Throwing net      |       |       |     2 |     5 |     7 ||    14
Invok: Recite            |       |       |     1 |     3 |     4 ||     8
       Vitalisation      |       |       |       |     3 |     1 ||     4
 Abil: Heal Wounds       |     1 |     3 |    12 |    28 |    26 ||    70
Evoke: Wand              |       |       |    10 |     7 |     3 ||    20
  Use: Scroll            |       |     4 |     9 |     9 |     6 ||    28
       Potion            |       |       |     7 |     1 |     4 ||    12
 Stab: Paralysed         |       |       |       |     6 |     2 ||     8
       Invisible         |       |       |       |    11 |       ||    11
       Confused          |       |       |       |     2 |     2 ||     4
       Held in net/web   |       |       |       |     2 |     4 ||     6
Armor: Scale mail        |    26 |       |       |       |       ||    26
       Leather armour    |     4 |       |       |       |       ||     4
       Chain mail        |     6 |    64 |   238 |    24 |       ||   332
       Plate armour      |       |       |       |   232 |   275 ||   507
Dodge: Dodged            |    47 |    49 |   202 |   342 |   263 ||   903
Block: Other             |       |       |       |    26 |   109 ||   135
       Reflection        |       |       |       |       |     1 ||     1

Inventory:

Hand Weapons
 a - a +3 battleaxe of freezing (weapon)
 b - a +1 battleaxe of flaming
Armour
 c - a +1 helmet (worn)
 G - a +0 plate armour (worn)
 P - a +2 pair of gloves of strength (worn)
 Q - a +2 cloak (worn)
Jewellery
 m - a ring of resist corrosion
 s - an amulet of reflection (around neck)
 B - a ring of protection from fire (left hand)
 H - a ring of ice {rC++ rF-}
 R - a +4 ring of protection (right hand)
Wands
 d - a wand of digging (2)
 g - a wand of flame (97)
 A - a wand of iceblast (20)
 I - a wand of charming (9)
 K - a wand of paralysis (14)
Scrolls
 e - 4 scrolls of immolation
 f - a scroll of fog
 j - 4 scrolls of amnesia
 k - 5 scrolls of fear
 o - 2 scrolls of enchant armour
 p - 4 scrolls of noise
 r - 2 scrolls of identify
 t - 7 scrolls of teleportation
 y - a scroll of magic mapping
 F - a scroll of silence
 N - a scroll of enchant weapon {unknown}
Potions
 h - 3 potions of haste
 l - 2 potions of resistance {rF+ rC+}
 n - 5 potions of flight
 q - 2 potions of heal wounds
 w - 7 potions of curing
 x - 2 potions of berserk rage
 z - 5 potions of attraction
 C - 5 potions of brilliance
 E - a potion of magic
 J - 2 potions of cancellation
 M - a potion of ambrosia
 O - a potion of lignification
Miscellaneous
 L - a phantom mirror


You were on level 13 of the Dungeon.
You worshipped Zin.
Zin was exalted by your worship.
You visited 3 branches of the dungeon, and saw 20 of its levels.
You also visited: Sewer, Ossuary and Volcano.

You collected 1994 gold pieces.
You spent 1084 gold pieces at shops.
You donated 116 gold pieces to Zin.

Dungeon Overview and Level Annotations

Branches:
Dungeon (13/15)            Temple (1/1) D:6            Lair (6/6) D:9
 Shoals (0/4) Lair:4        Snake (0/4) Lair:3        Slime (0/5) Lair:5
    Orc (0/2) D:11          Sewer (visited)         Ossuary (visited)
Volcano (visited)
 Vaults: D:13-14

Altars:
Ashenzari
Cheibriados
Dithmenos
Elyvilon
Fedhas
Gozag
Hepliaklqana
Kikubaaqudgha
Makhleb
Nemelex Xobeh
Okawaru
Qazlal
Ru
Sif Muna
Trog
Uskayaw
Vehumet
Wu Jian
Xom
Yredelemnul
Zin
The Shining One
Beogh

Shops:
D:3 [   D:5 *   D:7 *[?

Portals:
Trove: D:13 (give 8 potions of haste)

Annotations:
D:10 1 runed translucent door, wakim's ghost, novice DECj
D:13 Frances
Lair:4 exclusion: oklob plant

* #.......## *#..#
##.....## ...# *
##....## *...#
##....####..#* ,#
#..#....#..####..**
#.####.....#.....,
#. ###......... , *
.. ##...##### * #.
#@### , , * #>@# ,
* , *#...# * * , ,,
* #....# * *
*...#..# * * **
........ * *
.###*#...** * * ,
####, ** * *


You could see Frances (fast, caught).

Notes
Turn   | Place    | Note
-------+----------+-------------------------------------------
     0 | D:1      | theanonym the Deep Dwarf Gladiator began the quest for the
                  | Orb.
     0 | D:1      | Reached XP level 1. HP: 19/19 MP: 1/1
   248 | D:1      | Reached skill level 2 in Fighting
   508 | D:1      | Reached XP level 2. HP: 15/26 MP: 2/2
   532 | D:1      | HP: 13/26 [frozen (2)]
   849 | D:2      | HP: 8/26 [worm (5)]
   854 | D:2      | Reached skill level 4 in Axes
   855 | D:2      | HP: 6/26 [goblin (2)]
   909 | D:2      | Found a faded altar of an unknown god.
  1121 | D:2      | Reached XP level 3. HP: 18/32 MP: 3/3
  1405 | D:3      | Reached XP level 4. HP: 23/40 MP: 4/4
  1410 | D:3      | HP: 17/40 [orc priest/divine providence (6)]
  1412 | D:3      | Reached skill level 5 in Axes
  1598 | D:3      | Reached skill level 3 in Fighting
  1625 | D:3      | Found Tawiotor's Armour Boutique.
  1734 | D:3      | Noticed a sky beast
  1740 | D:3      | HP: 19/42 [something (4)]
  1747 | D:3      | HP: 9/42 [sky beast (1)]
  1747 | D:3      | HP: 4/42 [sky beast (5)]
  1754 | D:3      | Killed a sky beast
  1755 | D:3      | Reached skill level 1 in Armour
  1755 | D:3      | Reached XP level 5. HP: 33/49 MP: 5/5
  1777 | D:3      | Noticed Sigmund
  1795 | D:3      | Killed Sigmund
  1796 | D:3      | Reached skill level 6 in Axes
  1796 | D:3      | Reached skill level 2 in Armour
  1796 | D:3      | Reached XP level 6. HP: 31/56 MP: 6/6
  1953 | D:3      | HP: 27/56 [hobgoblin (3)]
  2619 | D:5      | Entered Level 5 of the Dungeon
  2728 | D:5      | Reached XP level 7. HP: 51/63 MP: 7/7
  2869 | D:5      | Reached skill level 4 in Fighting
  2869 | D:5      | Reached skill level 7 in Axes
  2914 | D:5      | Reached skill level 3 in Armour
  2926 | D:5      | HP: 31/64 [phantom (3)]
  2982 | D:5      | HP: 31/66 [orc (5)]
  2987 | D:5      | HP: 27/66 [orc priest (3)]
  3049 | D:5      | HP: 29/66 [phantom (7)]
  3050 | D:5      | Reached skill level 8 in Axes
  3052 | D:5      | HP: 14/66 [something (3)]
  3060 | D:5      | HP: 30/66 [something (4)]
  3065 | D:5      | HP: 21/66 [phantom (2)]
  3072 | D:5      | Reached skill level 4 in Armour
  3072 | D:5      | Reached XP level 8. HP: 41/73 MP: 7/7
  3141 | D:5      | Identified the +4 ring mail of the Salmon {Will+ rCorr}
  3412 | D:5      | Reached skill level 5 in Fighting
  3513 | D:5      | HP: 34/74 [orc priest/divine providence (6)]
  3517 | D:5      | Reached skill level 9 in Axes
  3527 | D:5      | Found Laorex's General Store.
  3727 | D:6      | HP: 35/70 [necrophage (1)]
  3728 | D:6      | Reached skill level 5 in Armour
  3768 | D:6      | Found a staircase to the Ecumenical Temple.
  3797 | D:6      | HP: 31/75 [wight (7)]
  3809 | Temple   | Entered the Ecumenical Temple
  3867 | Temple   | Became a worshipper of Zin the Law-Giver
  3867 | Temple   | Reached * piety under Zin
  3934 | D:6      | Noticed a manticore
  3989 | D:6      | Found a glowing drain.
  4002 | Sewer    | Entered a sewer
  4160 | Sewer    | Gained mutation: You passively map the area around you.
                  | [Deep Dwarf growth]
  4160 | Sewer    | Reached XP level 9. HP: 74/82 MP: 7/7
  4488 | D:6      | Reached ** piety under Zin
  4508 | D:6      | Noticed Menkaure
  4513 | D:6      | Reached skill level 10 in Axes
  4518 | D:6      | Killed Menkaure
  4519 | D:6      | Reached skill level 1 in Invocations
  4570 | D:6      | Reached skill level 6 in Fighting
  4617 | D:6      | HP: 40/82 [hornet zombie (5)]
  4622 | D:6      | HP: 33/82 [hornet zombie (2)]
  4628 | D:6      | Reached skill level 2 in Invocations
  4895 | D:6      | Killed a manticore
  4896 | D:6      | Reached skill level 3 in Invocations
  5024 | D:7      | Found Pyblef's General Store.
  5072 | D:7      | Found Zatodud's Magic Scroll Shoppe.
  5074 | D:7      | Found Kyozxydgh's Armour Emporium.
  5078 | D:7      | Bought a potion of berserk rage for 70 gold pieces
  5078 | D:7      | Bought a scroll of identify for 28 gold pieces
  5198 | D:7      | Reached *** piety under Zin
  5405 | D:7      | Reached skill level 11 in Axes
  5405 | D:7      | Reached skill level 4 in Invocations
  5939 | D:8      | Found a sand-covered staircase.
  5946 | Ossuary  | Entered an ossuary
  5984 | Ossuary  | Reached skill level 5 in Invocations
  6018 | Ossuary  | Reached **** piety under Zin
  6035 | Ossuary  | Reached XP level 10. HP: 61/92 MP: 9/9
  6117 | Ossuary  | Reached skill level 7 in Fighting
  6325 | D:8      | Found a shimmering altar of Xom.
  6334 | D:8      | Found a shimmering altar of Xom.
  6334 | D:8      | Found a shimmering altar of Xom.
  6334 | D:8      | Found a shimmering altar of Xom.
  6379 | D:8      | HP: 47/94 [gnoll (1)]
  6945 | D:9      | Noticed a two-headed ogre
  6952 | D:9      | Killed a two-headed ogre
  6953 | D:9      | Reached skill level 12 in Axes
  6953 | D:9      | Reached skill level 6 in Invocations
  6971 | D:9      | HP: 37/94 [acid dragon/splash of acid (20)]
  6976 | D:9      | HP: 36/94 [black bear (1)]
  6982 | D:9      | HP: 46/94 [acid dragon/splash of acid (11)]
  6992 | D:9      | HP: 45/94 [komodo dragon (25)]
  6994 | D:9      | HP: 17/94 [komodo dragon (28)]
  7000 | D:9      | HP: 36/94 [komodo dragon (20)]
  7027 | D:9      | Found a staircase to the Lair.
  7195 | D:9      | Reached ***** piety under Zin
  7209 | D:9      | Noticed a two-headed ogre
  7217 | D:9      | Killed a two-headed ogre
  7218 | D:9      | Reached skill level 7 in Invocations
  7334 | D:9      | Reached skill level 13 in Axes
  7338 | D:9      | Reached skill level 8 in Fighting
  7518 | D:10     | Entered Level 10 of the Dungeon
  7518 | D:10     | Noticed wakim's ghost (novice DECj)
  7518 | D:10     | Found a runed translucent door.
  7632 | D:10     | HP: 47/96 [troll (7)]
  7763 | D:10     | Reached skill level 8 in Invocations
  7763 | D:10     | Reached XP level 11. HP: 67/103 MP: 4/6
  8085 | D:10     | Reached ****** piety under Zin
  8116 | D:10     | Noticed a two-headed ogre
  8128 | D:10     | Killed a two-headed ogre
  8497 | Lair:1   | Entered Level 1 of the Lair of Beasts
  8649 | Lair:1   | HP: 52/104 [yak (1)]
  8881 | D:3      | Bought a +2 pair of gloves of strength for 258 gold pieces
  9209 | Lair:1   | Reached skill level 6 in Armour
  9222 | Lair:1   | HP: 48/104 [blink frog (10)]
  9224 | Lair:1   | Reached skill level 9 in Invocations
  9235 | Lair:1   | Reached skill level 14 in Axes
  9262 | Lair:1   | HP: 50/104 [blink frog (8)]
  9944 | Lair:2   | Reached skill level 9 in Fighting
  9967 | Lair:2   | HP: 43/106 [cane toad (14)]
 10043 | Lair:2   | Reached skill level 7 in Armour
 10124 | Lair:2   | HP: 50/106 [black mamba (8)]
 10126 | Lair:2   | Reached XP level 12. HP: 54/114 MP: 6/6
 10129 | Lair:2   | HP: 50/114 [black mamba (4)]
 10135 | Lair:2   | Reached skill level 10 in Invocations
 10204 | Lair:2   | Found the +8 whip "Snakebite" {venom, curare, rPois}
 10629 | Lair:3   | Found a staircase to the Snake Pit.
 10640 | Lair:3   | Reached skill level 15 in Axes
 10679 | Lair:3   | Found a dark tunnel.
 10688 | Volcano  | Entered a volcano
 10810 | Volcano  | Reached skill level 8 in Armour
 11087 | Lair:3   | Noticed a four-headed hydra
 11103 | Lair:3   | Killed a one-headed hydra
 11117 | Lair:3   | Reached skill level 10 in Fighting
 11257 | Lair:3   | Noticed an eight-headed hydra
 11275 | Lair:3   | Killed a three-headed hydra
 11348 | Lair:3   | Reached skill level 16 in Axes
 11581 | Lair:3   | Noticed a boulder beetle
 11592 | Lair:3   | Reached skill level 9 in Armour
 11601 | Lair:3   | Killed a boulder beetle
 11913 | Lair:4   | Noticed an eight-headed hydra
 11922 | Lair:4   | Killed a five-headed hydra
 11930 | Lair:4   | Reached XP level 13. HP: 70/124 MP: 5/5
 12066 | Lair:4   | HP: 42/124 [boulder beetle (41)]
 12072 | Lair:4   | HP: 56/124 [boulder beetle (11)]
 12083 | Lair:4   | HP: 35/124 [boulder beetle (18)]
 12131 | Lair:4   | Found a blossoming altar of Fedhas.
 12305 | Lair:4   | Found a staircase to the Shoals.
 12316 | Lair:4   | HP: 84/186 [manticore/volley of spikes (10)]
 12325 | Lair:4   | HP: 76/186 [barbs]
 12851 | Lair:5   | Found a staircase to the Slime Pits.
 12863 | Lair:5   | Reached skill level 10 in Armour
 12951 | Lair:5   | Reached skill level 17 in Axes
 13262 | Lair:5   | Identified a scroll of acquirement
 13264 | Lair:5   | Acquired 537 gold pieces
 13456 | D:7      | Bought a scroll of acquirement for 728 gold pieces
 13456 | D:7      | Acquired a manual of Armour
 13853 | Lair:6   | Entered Level 6 of the Lair of Beasts
 13891 | Lair:6   | Reached skill level 11 in Fighting
 14004 | Lair:6   | HP: 63/127 [elephant (1)]
 14014 | Lair:6   | HP: 55/127 [elephant (8)]
 14022 | Lair:6   | HP: 49/127 [blink frog (6)]
 14027 | Lair:6   | HP: 34/127 [blink frog (7)]
 14235 | Lair:6   | Reached skill level 11 in Armour
 14799 | Lair:6   | Gained mutation: You resist negative energy. (rN+) [Deep
                  | Dwarf growth]
 14799 | Lair:6   | Reached XP level 14. HP: 103/135 MP: 3/3
 14832 | Lair:6   | HP: 67/135 [death yak (13)]
 14837 | Lair:6   | HP: 62/135 [death yak (5)]
 14982 | Lair:6   | Reached skill level 18 in Axes
 15368 | Lair:6   | Reached skill level 12 in Armour
 15648 | D:11     | Reached skill level 11 in Invocations
 15880 | D:11     | Found a staircase to the Orcish Mines.
 15952 | D:11     | HP: 64/136 [orc priest/divine providence (11)]
 16483 | D:12     | Noticed Josephine
 16491 | D:12     | Killed Josephine
 16530 | D:12     | HP: 62/136 [manticore/volley of spikes (15)]
 16535 | D:12     | HP: 47/136 [manticore (1)]
 16653 | D:12     | You fall into a shaft and drop 1 floor!
 16685 | D:12     | Found a snail-covered altar of Cheibriados.
 16739 | D:12     | HP: 58/136 [two-headed ogre (14)]
 16760 | D:12     | HP: 50/136 [yak (1)]
 16783 | D:12     | HP: 21/136 [large slime creature (29)]
 16790 | D:12     | HP: 45/136 [large slime creature (7)]
 16796 | D:12     | HP: 42/136 [yak (3)]
 16934 | D:12     | Noticed Maurice
 16941 | D:12     | HP: 56/136 [something (1)]
 16948 | D:12     | HP: 53/136 [something (1)]
 16949 | D:12     | Killed Maurice
 17052 | D:13     | HP: 39/136 [centaur warrior/arrow (14)]
 17059 | D:13     | Reached skill level 12 in Invocations
 17066 | D:13     | HP: 59/136 [centaur/arrow[a centaur warrior] (4)]
 17075 | D:12     | Upgraded the game from 0.28-a0-384-g9e0c098162 to
                  | 0.28-a0-390-gb254ac4902
 17077 | D:13     | HP: 50/136 [centaur/arrow[a centaur warrior] (9)]
 17089 | D:13     | HP: 46/136 [cyclops (4)]
 17128 | D:13     | Found a portal to a secret trove of treasure.
 17128 | D:13     | HP: 58/136 [centaur/arrow[a centaur warrior] (1)]
 17148 | D:13     | Noticed Frances
 17151 | D:13     | HP: 53/136 [Frances/iron shot (5)]
 17157 | D:13     | Killed from afar by Frances

Vanquished Creatures
  Josephine (D:12)
  9 hydras
  2 boulder beetles
  A centaur warrior (D:13)
  3 catoblepae (Lair:6)
  4 two-headed ogres
  7 death yaks (Lair:6)
  2 skeletal warriors (Volcano)
  An anaconda skeleton (Volcano)
  5 manticores
  2 cyclopes
  10 elephants
  An ugly thing (D:12)
  Maurice (D:12)
  12 cane toads
  4 gargoyles
  4 black mambas
  An unseen horror (D:12)
  A rime drake (Lair:4)
  11 komodo dragons
  A kobold demonologist (D:11)
  2 polar bears
  A hornet (Lair:3)
  A wind drake (Lair:4)
  A troll (D:10)
  9 blink frogs
  4 slime creatures
  4 dream sheep (Lair:6)
  2 flying skulls (Volcano)
  A shadow (D:10)
  Sigmund (D:3)
  A vampire (D:10)
  An alligator skeleton (Volcano)
  7 wraiths
  A basilisk (Lair:1)
  3 wyverns
  63 yaks
  4 vampire mosquitoes (D:11)
  3 nagas (Lair:3)
  Menkaure (D:6)
  2 acid dragons
  17 water moccasins
  10 orc warriors
  6 black bears
  A necrophage (D:6)
  2 hornet zombies
  An ice beast (D:7)
  2 sky beasts
  A wolf (Lair:3)
  2 ogres (D:6)
  7 centaurs
  2 phantoms (D:5)
  3 kobold brigands
  12 bullfrogs
  2 elf zombies (Ossuary)
  A wyvern zombie (D:7)
  3 scorpions
  A water moccasin zombie (D:5)
  A water moccasin skeleton (D:4)
  9 killer bees
  3 wights (D:6)
  3 troll skeletons (Volcano)
  10 howler monkeys
  A bullfrog zombie (D:6)
  7 centaur zombies
  17 orc priests
  5 hounds
  3 jellies (Lair:5)
  8 human zombies (Ossuary)
  A bullfrog skeleton (D:6)
  A centaur skeleton (D:5)
  2 gnoll shamans (D:8)
  2 iguanas (D:5)
  A merfolk siren (Sewer)
  12 orc wizards
  A merfolk avatar (Sewer)
  4 mummies
  2 howler monkey zombies
  4 howler monkey skeletons (D:7)
  9 adders
  4 gnolls (D:8)
  A white imp (D:8)
  An adder zombie (D:3)
  An adder skeleton (D:3)
  4 worms
  3 dart slugs
  86 orcs
  6 ball pythons
  6 endoplasms
  7 giant cockroaches
  3 goblins
  6 hobgoblins
  12 quokkas
  A ball python skeleton (D:3)
  4 bats
  8 frilled lizards
  2 hobgoblin zombies (D:5)
  16 kobolds
  A kobold zombie (D:5)
  An orc zombie (D:5)
  31 rats
578 creatures vanquished.

Vanquished Creatures (others)
  A flying skull (Volcano)
  30 fungi
  32 plants
63 creatures vanquished.

Grand Total: 641 creatures vanquished

Table legend: (Time is in decaauts)
 A = Elapsed time spent in this place.
 B = Non-inter-level travel time spent in this place.
 C = Inter-level travel time spent in this place.
 D = Time resting spent in this place.
 E = Time spent auto-exploring this place.
 F = Levels seen in this place.
 G = Mean time per level.
                   A        B        C        D        E       F      G
               +--------+--------+--------+--------+--------+-----+--------+
         Total |  17282 |  15402 |   1880 |    679 |  10972 |  23 |  751.4 |
       Dungeon |  10311 |   8986 |   1325 |    217 |   6741 |  13 |  793.2 |
        Temple |     71 |     59 |     12 |      0 |     55 |   1 |   71.0 |
          Lair |   6062 |   5519 |    543 |    462 |   3815 |   6 | 1010.3 |
         Sewer |    317 |    317 |      0 |      0 |    123 |   1 |  317.0 |
       Ossuary |    209 |    209 |      0 |      0 |     68 |   1 |  209.0 |
       Volcano |    310 |    310 |      0 |      0 |    170 |   1 |  310.0 |
               +--------+--------+--------+--------+--------+-----+--------+

Top non-repeatable levels by time:
  Lair:6: 1566 daAuts
     D:6: 1099 daAuts
     D:5: 1072 daAuts
  Lair:3: 1050 daAuts
     D:7: 1013 daAuts
  Lair:1: 996 daAuts
  Lair:4: 956 daAuts
     D:8: 952 daAuts
    D:10: 936 daAuts
     D:9: 904 daAuts
    D:11: 858 daAuts
     D:1: 839 daAuts
  Lair:2: 821 daAuts
     D:3: 819 daAuts
  Lair:5: 670 daAuts
